 Dungeon Sprint DCSS version 0.30.1-11-g7821555f0a (webtiles) character file.

Game seed: 12256337314277040278

2330 jagang the Fighter (level 9, -10/96 HPs)
             Began as a Minotaur Fighter on Nov 21, 2023.
             Was a Priest of Okawaru.
             Killed from afar by a deep elf knight (17 damage)
             ... with a shard of ice
             ... in the Dungeon (Sprint III: "The Ten Rune Challenge").
             The game lasted 00:07:45 (1257 turns).

jagang the Fighter (Minotaur Fighter)               Turns: 1257, Time: 00:07:46

Health: -10/96     AC: 16    Str: 29    XL:     9   Next: 19%
Magic:  6/8        EV:  8    Int:  4    God:    Okawaru [***...]
Gold:   3548       SH:  6    Dex:  9    Spells: 8/8 levels left

rFire   . . .        t - +3 mace
rCold   . . .        c - +0 buckler
rNeg    . . .        g - +0 plate armour
rPois   .            (helmet restricted)
rElec   .            (no cloak)
rCorr   .            b - +0 pair of gloves
SInv    .            (no boots)
Will    .....        (no amulet) Stlth
                     (no ring)
HPRegen 0.36/turn    (no ring)
MPRegen 0.11/turn

%: no teleportation
@: no status effects
A: horns 2, retaliatory headbutt, strong 1
a: Renounce Religion, Heroism


You were in the Dungeon.
You worshipped Okawaru.
Okawaru was most pleased with you.
You visited 1 branch You collected 3629 gold pieces.
You spent 81 gold pieces at shops.

Inventory:

Hand Weapons
 a - a +0 war axe
 t - a +3 mace (weapon)
Armour
 b - a +0 pair of gloves (worn)
 c - a +0 buckler (worn)
 g - a +0 plate armour (worn)
Wands
 n - a wand of flame (18)
Scrolls
 j - a scroll of blinking
 m - a scroll of immolation
 q - a scroll of poison
Potions
 d - a potion of might
 e - 2 potions of curing
 f - 2 potions of heal wounds
 h - 2 potions of magic
 i - a potion of berserk rage
 l - a potion of mutation
 o - a potion of ambrosia {unknown}
 p - 3 potions of flight
 r - a potion of attraction {unknown}


   Skills:
 * Level 14.8 Fighting
 * Level 14.6 Axes
 + Level 10.9 Armour
 + Level 11.0 Shields


You had 8 spell levels left.
You didn't know any spells.
Your spell library contained the following spells:

 Spells                   Type           Power      Damage    Failure   Level
 Freeze                   Ice            0%         1d3       99%         1
 Frozen Ramparts          Ice            0%         1d1       100%        3
 Hailstorm                Conj/Ice       0%         3d3       100%        3


Dungeon Overview and Level Annotations

Branches:
Dungeon (1/1)

Altars:
Cheibriados
Dithmenos
Elyvilon
Fedhas
Gozag
Hepliaklqana
Kikubaaqudgha
Makhleb
Nemelex Xobeh
Okawaru
Qazlal
Ru
Sif Muna
Trog
Uskayaw
Vehumet
Wu Jian
Xom
Yredelemnul
Zin
The Shining One
Jiyva
Lugonu

Shops:
D [


Innate Abilities, Weirdness & Mutations

You have a pair of horns on your head.
You reflexively headbutt those who attack you in melee.
Your muscles are strong. (Str +4, Int/Dex -1)


Message History

Something hits you.
The deep elf zephyrmancer hits you but does no damage.
You sock the deep elf zephyrmancer! You headbutt the deep elf zephyrmancer.
You kill the deep elf zephyrmancer!
Okawaru accepts your kill.
You feel like a meek peon again. You block something's attack.
You hear some strange, mumbled words.
A lance of force appears from out of thin air!
The lance of force hits you!
You are knocked back by the lance of force.
You slam into the rock wall!
* * * LOW HITPOINT WARNING * * *
Your Shields skill increases to level 11!
You have reached level 9!
Your experience leads to an increase in your attributes!
Your base attributes are Str 23, Int 5, Dex 10.
Increase (S)trength, (I)ntelligence, or (D)exterity?
You feel stronger. x2
Something hits you.
* * * LOW HITPOINT WARNING * * *
You miss something. Something hits you but does no damage.
You block something's attack.
You miss something. Your headbutt misses something. Something hits you.
* * * LOW HITPOINT WARNING * * *
You hit something. You block something's attack.
You miss something. Something hits you.
* * * LOW HITPOINT WARNING * * *
Something hits you but does no damage.
You sock the deep elf pyromancer!
The deep elf pyromancer is moderately wounded.
Something hits you!
* * * LOW HITPOINT WARNING * * *
The deep elf pyromancer casts a spell.
The deep elf pyromancer blinks!
Something hits you but does no damage.
You miss something. Your headbutt misses something.
You hear some strange, mumbled words.
A shard of ice appears from out of thin air!
The shard of ice hits you!
You die...

▓▓▓▓▓
##########...############
#___#__#∩...##.#.{).#e..#
#__)#._#..).....@§#.#e..#
#†###)##.)).......#.#e..≈≈
..[....#))).....###e#...##
.......#)##.##...##.e...#
######'#.##..e..#.#######
#__#...#'##########
#__#...#.)..#.#
#__#...##.#..#
#__#...'##.#.#


You could see a deep elf pyromancer and a deep elf zephyrmancer.

Vanquished Creatures
  A deep elf pyromancer (D)
  A deep elf zephyrmancer (D)
  A shadow (D)
  A spatial vortex (D)
  3 orc warriors (D)
  3 two-headed ogres (D)
  A necrophage (D)
  A scorpion (D)
  A water elemental (D)
  A jelly (D)
  2 orc priests (D)
  Jessica (D)
  A wizard (D)
  A necromancer (D)
  2 orc wizards (D)
  3 humans (D)
  A kobold demonologist (D)
  10 orcs (D)
  2 endoplasms (D)
  2 rats (D)
39 creatures vanquished.

Notes
Turn   | Place    | Note
-------+----------+-------------------------------------------
     0 | D        | jagang the Minotaur Fighter began the quest for the Orb.
     0 | D        | Reached XP level 1. HP: 19/19 MP: 0/0
    10 | D        | Noticed Jessica
    13 | D        | Killed Jessica
    14 | D        | Reached skill level 5 in Fighting
    14 | D        | Reached XP level 2. HP: 11/29 MP: 1/1
    14 | D        | Reached XP level 3. HP: 14/36 MP: 2/2
   140 | D        | Reached skill level 5 in Axes
   140 | D        | Reached skill level 5 in Shields
   141 | D        | Noticed a scorpion
   194 | D        | Killed a scorpion
   195 | D        | Reached skill level 5 in Armour
   195 | D        | Reached XP level 4. HP: 6/47 MP: 3/3
   199 | D        | HP: 2/47 [poisoned by a scorpion]
   394 | D        | Gained mutation: Your muscles are strong. (Str +4, Int/Dex
                  | -1) [potion of mutation]
   409 | D        | Noticed a water elemental
   422 | D        | Killed a water elemental
   423 | D        | Reached XP level 5. HP: 13/53 MP: 4/4
   572 | D        | Found a radiant altar of Vehumet.
   572 | D        | Found a shimmering blue altar of Sif Muna.
   572 | D        | Found an ancient bone altar of Kikubaaqudgha.
   593 | D        | Found a hide-covered altar of Uskayaw.
   593 | D        | Found an iron altar of Okawaru.
   593 | D        | Found a bloodstained altar of Trog.
   593 | D        | Found an ornate altar of the Wu Jian Council.
   593 | D        | Noticed a human
   605 | D        | Killed a human
   606 | D        | Reached skill level 10 in Fighting
   606 | D        | Reached XP level 6. HP: 57/66 MP: 5/5
   606 | D        | Noticed a human
   613 | D        | Killed a human
   614 | D        | Reached skill level 10 in Axes
   640 | D        | Found a basalt altar of Yredelemnul.
   640 | D        | Found a shadowy altar of Dithmenos.
   640 | D        | Found a sacrificial altar of Ru.
   645 | D        | Reached XP level 7. HP: 74/74 MP: 6/6
   674 | D        | Became a worshipper of Warmaster Okawaru
   680 | D        | Found a glowing silver altar of Zin.
   682 | D        | Found a glowing golden altar of the Shining One.
   682 | D        | Found a white marble altar of Elyvilon.
   682 | D        | Noticed a deep elf pyromancer
   685 | D        | Noticed a fire elemental
   686 | D        | Killed a deep elf pyromancer
   686 | D        | Reached * piety under Okawaru
   686 | D        | Reached ** piety under Okawaru
   687 | D        | Reached XP level 8. HP: 73/85 MP: 7/7
   714 | D        | Found a blossoming altar of Fedhas.
   714 | D        | Found a stormy altar of Qazlal.
   715 | D        | Found a snail-covered altar of Cheibriados.
   715 | D        | Found a burning altar of Makhleb.
   715 | D        | Found a hazy altar of Hepliaklqana.
   715 | D        | Found a shimmering altar of Xom.
   715 | D        | Found an opulent altar of Gozag.
   715 | D        | Found a sparkling altar of Nemelex Xobeh.
   715 | D        | Found a corrupted altar of Lugonu.
   715 | D        | Found a viscous altar of Jiyva.
   845 | D        | Reached skill level 10 in Shields
   849 | D        | Reached skill level 10 in Armour
   853 | D        | Found Dubeing's Antique Armour Shoppe.
   880 | D        | Reached *** piety under Okawaru
  1195 | D        | Bought a pair of gloves for 81 gold pieces
  1220 | D        | Noticed a deep elf zephyrmancer
  1220 | D        | Noticed a deep elf knight
  1220 | D        | Noticed a deep elf zephyrmancer
  1220 | D        | Noticed a deep elf zephyrmancer
  1220 | D        | Noticed a deep elf pyromancer
  1250 | D        | Killed a deep elf zephyrmancer
  1251 | D        | Reached XP level 9. HP: 22/96 MP: 6/8
  1257 | D        | Killed from afar by a deep elf knight

Illustrated notes

Levels and vault maps discovered:
D:        dungeon_sprint_mu [sprint_mu_entry_forest, sprint_mu_temple_rooms,
          sprint_mu_d1_spiders, sprint_mu_d2_genie, sprint_mu_d3_branching,
          sprint_mu_orc_legion, sprint_mu_elf_gauntlet, sprint_mu_hive_nellie,
          sprint_mu_lair_fedhas, sprint_mu_vaults_butterflies,
          sprint_mu_slime_circle, sprint_mu_shoals_archi,
          sprint_mu_snake_twists, sprint_mu_blade_basic,
          sprint_mu_crypt_fortress, sprint_mu_tomb_spiral,
          sprint_mu_vestibule_basic, sprint_mu_gehenna_hellfire,
          sprint_mu_dis_giant, sprint_mu_tartarus_statrot,
          sprint_mu_cocytus_islands, sprint_mu_zot1]

Skill      XL: |  1  2  3  4  5  6  7  8 |
---------------+-------------------------+-----
Fighting       | 5 7 8 10 11 12 14 | 14.8
Axes           | 4 6 7 9 10 12 14 | 14.6
Armour         | 4 5 6 7 8 9 10 | 10.9
Shields        | 4 5 6 7 8 9 11 | 11.0

Action                     |  1- 3 |  4- 6 |  7- 9 || total
---------------------------+-------+-------+-------++-------
  Melee: War axe           |     6 |       |    54 ||    60
         Dagger            |    22 |    43 |     9 ||    74
         Headbutt          |     1 |    10 |    19 ||    30
         Mace              |       |       |    18 ||    18
 Invoke: Heroism           |       |       |     2 ||     2
    Use: Scroll            |       |     3 |       ||     3
         Potion            |       |     1 |     2 ||     3
 Armour: Scale mail        |     4 |    11 |     6 ||    21
         Plate armour      |       |       |    15 ||    15
  Dodge: Dodged            |     5 |    14 |    11 ||    30
  Block: Buckler           |     2 |     8 |    13 ||    23
